Map: New Repugnancy LE

Players

SyntheVirus

  • Race: Zerg Zerg
  • League: Diamond
  • Spawn Location: 1:00

Yuurei - Winner!

  • Race: Terran Terran
  • Spawn Location: 7:00

VOD

Have the link to the VOD?

Description

Yuurei (ZephynM)

TvZ - Bio/Ghost against Roach/Ravager/Corruptor into Ling/Bane

Time

  • Played on: Feb. 27, 2019, 8:03 p.m.
  • Length: 24:19
Show
View Real Time Build Order
Export as new Build Order

SyntheVirus Zerg 

Build Orders: Hatch First 

Get SALT Encoding   

  12  0:01  Drone  
  13  0:14  Overlord  
  13  0:16  Drone  
  14  0:33  Drone x2  
  16  0:39  Drone  
  17  0:53  Hatchery  
  16  1:06  Spawning Pool  
  16  1:10  Drone  
  16  1:13  Drone  
  17  1:36  Hatchery  
  16  1:43  Extractor, Drone  
  16  1:44  Drone  
  17  1:53  Queen  
  19  1:56  Drone  
  19  2:00  Drone  
  21  2:09  Overlord  
  21  2:18  Drone x2  
  21  2:19  Drone  
  24  2:28  Queen  
  26  2:35  Drone  
  26  2:36  Drone  
  28  2:45  Drone x2  
  28  2:50  Metabolic Boost  
  30  2:55  Overlord  
  30  2:58  Zergling x2  
  31  3:06  Queen  
  31  3:09  Overlord  
  33  3:15  Drone  
  33  3:16  Drone x2  
  36  3:26  Lair  
  36  3:29  Drone  
  36  3:30  Drone x2  
  39  3:39  Queen  
  41  3:55  Drone  
  41  3:56  Drone x4, Overlord  
  41  3:57  Overlord  
  41  4:02  Extractor  
  45  4:03  Roach Warren  
  44  4:12  Extractor, Drone  
  44  4:13  Drone x2  
  44  4:14  Extractor, Drone x3  
  48  4:17  Drone  
  48  4:23  Drone  
  48  4:24  Drone x2  
  52  4:26  Overseer  
  52  4:29  Pneumatized Carapace  
  52  4:33  Drone  
  52  4:34  Drone  
  54  4:42  Glial Reconstitution  
  54  5:01  Drone x3  
  54  5:02  Drone x9  
  66  5:07  Overlord  
  66  5:08  Overlord x3  
  66  5:14  Overlord  
  66  5:15  Overlord  
  66  5:24  Overlord  
  66  5:25  Overlord x2  
  66  5:38  Roach  
  66  5:39  Roach x6  
  80  5:54  Spire  
  79  6:01  Overlord x2, Spore Crawler  
  79  6:02  Overlord  
  79  6:03  Drone x2  
  80  6:04  Drone, Spore Crawler  
  80  6:05  Drone x5  
  80  6:08  Extractor, Drone x2  
  80  6:09  Extractor, Drone  
  80  6:10  Drone  
  87  6:26  Roach  
  87  6:27  Roach x4  
  97  6:35  Roach x2  
  101  6:43  Roach x5  
  111  6:57  Hatchery  
  110  7:03  Roach  
  110  7:04  Roach x7  
  126  7:09  Corruptor x4  
  126  7:11  Zerg Flyer Weapons Level 1  
  136  7:15  Roach  
  136  7:16  Roach x2  
  140  7:30  Roach  
  140  7:31  Roach x7  
  140  7:35  Corruptor  
  158  7:37  Corruptor  
  158  7:40  Corruptor  
  162  7:47  Overlord x3  
  162  7:53  Overseer  
  162  7:57  Evolution Chamber  
  160  8:00  Ravager  
  160  8:03  Overlord x4  
  161  8:06  Ravager x2  
  161  8:07  Ravager x6  
  169  8:19  Drone x9  
  181  8:20  Drone x3  
  181  8:27  Corruptor x2  
  185  8:44  Drone x3  
  188  8:54  Hatchery  
  187  8:57  Zerg Missile Weapons Level 1, Infestation Pit  
  187  8:58  Hatchery  
  187  9:01  Evolution Chamber  
  184  9:20  Corruptor x4  
  184  9:23  Roach x3  
  103  10:54  Roach  
  103  10:55  Roach x16  
  103  10:56  Roach x18  
  173  10:59  Zerg Missile Weapons Level 2  
  173  11:00  Zerg Ground Armor Level 1  
  173  11:02  Hive  
  173  11:03  Zerg Flyer Weapons Level 2  
  173  11:10  Hydralisk Den  
  172  11:16  Roach x7  
  186  11:31  Overseer x2  
  186  11:32  Roach  
  188  11:33  Roach x6  
  170  12:32  Viper  
  170  12:33  Viper x4  
  131  13:14  Zerg Ground Armor Level 2  
  131  13:16  Muscular Augments  
  131  13:19  Greater Spire  
  131  13:30  Hydralisk x8  
  131  13:31  Hydralisk x8  
  161  14:06  Roach x14  
  161  14:07  Roach x5  
  199  14:20  Zerg Missile Weapons Level 3  
  199  14:27  Grooved Spines  
  140  14:45  Hydralisk x11  
  136  14:54  Evolution Chamber  
  136  14:57  Evolution Chamber  
  136  14:58  Adrenal Glands  
  134  15:02  Zergling x18  
  134  15:03  Zergling x60  
  134  15:04  Zergling x18  
  134  15:06  Hatchery  
  181  15:08  Hatchery  
  181  15:11  Drone x3  
  183  15:17  Extractor, Brood Lord x2  
  183  15:19  Zergling x2  
  183  15:20  Zergling x14  
  194  15:28  Zerg Melee Weapons Level 1  
  194  15:33  Zergling x8  
  194  15:34  Zergling x4  
  150  16:01  Zerg Ground Armor Level 3  
  125  16:06  Zergling x24  
  125  16:07  Zergling x28  
  151  16:17  Brood Lord  
  155  16:20  Hydralisk x5  
  94  16:54  Zergling x18  
  95  16:55  Zergling x42  
  95  16:59  Baneling Nest  
  123  17:04  Zergling x8  
  117  17:09  Extractor  
  116  17:26  Hatchery  
  95  17:45  Centrifical Hooks  
  95  17:47  Overlord x5  
  95  17:48  Zerg Melee Weapons Level 2  
  95  17:52  Ultralisk Cavern  
  95  17:53  Zerg Flyer Weapons Level 3  
  95  17:54  Zergling x2  
  95  17:55  Zergling x48  
  95  17:56  Zergling x14  
  126  18:07  Baneling  
  126  18:08  Baneling x28  
  126  18:19  Zergling x2  
  127  18:20  Zergling x34  
  127  18:23  Baneling  
  127  18:24  Baneling x23  
  144  18:30  Extractor  
  144  18:31  Extractor  
  108  18:45  Zergling x2  
  108  18:46  Zergling x32  
  108  18:47  Zergling x12  
  129  18:55  Zergling x12  
  130  19:06  Zergling x14  
  130  19:07  Zergling x6  
  127  19:24  Corruptor x3  
  127  19:25  Corruptor x3  
  127  19:27  Zergling x2  
  127  19:28  Zergling x24  
  127  19:31  Baneling x6  
  149  19:46  Hatchery  
  144  20:15  Zerg Melee Weapons Level 3  
  144  20:16  Chitinous Plating  
  144  20:18  Zergling x2  
  144  20:19  Zergling x50  
  170  20:24  Baneling x12  
  170  20:25  Baneling x3  
  170  20:32  Extractor x2  
  168  20:48  Zergling x10  
  168  20:49  Zergling x10  
  110  21:14  Zergling x30  
  110  21:15  Zergling x8  
  89  21:31  Zergling x16  
  89  21:32  Zergling x6  
  96  21:35  Anabolic Synthesis  
  91  21:53  Hatchery  
  70  22:03  Swarm Host  
  62  22:15  Hydralisk x3  
  62  22:16  Hydralisk x4  
  76  22:47  Hatchery  
  76  22:49  Ultralisk  
  81  22:59  Zergling x12  
  81  23:00  Zergling x10  
  92  23:35  Hydralisk x4  
  92  23:36  Hydralisk x2  
Show
View Real Time Build Order
Export as new Build Order

Yuurei Terran - Winner!

Build Orders:  

Get SALT Encoding   

  12  0:01  SCV  
  13  0:13  SCV  
  14  0:17  Supply Depot  
  14  0:25  SCV  
  15  0:40  Barracks  
  15  0:42  SCV  
  16  0:56  SCV  
  18  1:23  Refinery, Command Center  
  18  1:30  Orbital Command  
  17  1:33  Marine  
  18  1:51  Marine  
  19  1:58  SCV  
  20  2:03  Supply Depot  
  20  2:11  SCV  
  21  2:20  Bunker  
  21  2:21  Marine  
  22  2:23  SCV  
  23  2:30  Factory  
  23  2:39  Marine, SCV  
  25  2:54  SCV  
  25  2:58  Refinery  
  26  3:04  Command Center  
  26  3:11  Orbital Command  
  26  3:14  SCV  
  27  3:24  Starport  
  27  3:25  Factory Reactor  
  27  3:28  Barracks Tech Lab  
  27  3:31  SCV  
  28  3:37  SCV  
  29  3:44  SCV  
  29  3:46  Supply Depot  
  30  3:48  Stimpack  
  30  3:50  Marine  
  30  3:52  SCV  
  32  3:57  SCV  
  33  4:04  SCV  
  33  4:07  Marine, Barracks  
  35  4:16  Orbital Command  
  35  4:20  Barracks  
  35  4:22  SCV  
  35  4:23  SCV  
  37  4:33  Supply Depot  
  37  4:34  SCV  
  37  4:35  Marine, SCV  
  40  4:46  SCV  
  40  4:47  SCV  
  40  4:48  SCV  
  40  4:49  Medivac x2  
  47  4:55  Refinery  
  47  4:58  SCV  
  47  4:59  Marine x2, SCV  
  51  5:01  SCV  
  52  5:08  Barracks  
  52  5:10  SCV  
  52  5:11  Barracks  
  53  5:15  Marine  
  53  5:16  SCV  
  53  5:17  Marine x2, SCV  
  58  5:22  Refinery  
  58  5:27  Supply Depot  
  58  5:28  Supply Depot  
  58  5:33  Marine  
  58  5:35  Marine x2  
  61  5:36  SCV  
  61  5:37  SCV x2  
  61  5:40  Medivac  
  61  5:41  Medivac  
  68  5:49  SCV x3  
  71  5:55  Combat Shield, Barracks Tech Lab x2  
  71  6:00  Starport  
  71  6:01  SCV x2  
  71  6:02  Barracks Reactor  
  71  6:03  Barracks Reactor  
  73  6:16  SCV x3, Fusion Core  
  76  6:19  Marine x3, Starport Tech Lab  
  76  6:21  Concussive Shells  
  79  6:30  Starport  
  79  6:33  SCV x2  
  79  6:35  SCV  
  82  6:40  Marine x5  
  82  6:41  Marine x2  
  82  6:42  Orbital Command  
  89  7:04  Marine  
  89  7:05  Marine, Marauder  
  89  7:07  Starport Tech Lab  
  93  7:10  Supply Depot  
  93  7:11  Advanced Ballistics, Supply Depot  
  93  7:12  Supply Depot  
  93  7:13  Supply Depot  
  93  7:20  Supply Depot  
  93  7:21  Bunker, Liberator x3  
  93  7:23  Supply Depot  
  93  7:30  Engineering Bay  
  93  7:31  Engineering Bay  
  93  7:32  Marine x2, SCV x2, Marauder x2  
  93  7:33  SCV  
  93  7:35  Armory  
  111  7:44  SCV  
  111  7:49  SCV  
  111  7:50  SCV  
  114  7:54  Refinery x2  
  114  7:56  Marine, SCV  
  114  7:57  Marine x3, Marauder x3  
  125  8:00  Terran Infantry Weapons Level 1, Terran Infantry Armor Level 1  
  125  8:14  Marine x2  
  125  8:17  Barracks  
  125  8:18  Barracks, Marauder  
  125  8:19  Barracks  
  129  8:20  Liberator  
  129  8:24  Sensor Tower  
  129  8:28  Marine  
  129  8:29  Marine, Marauder x2  
  129  8:32  Marine  
  129  8:34  Sensor Tower  
  136  8:39  Medivac  
  141  8:45  Command Center  
  141  8:55  Supply Depot  
  141  8:57  Rapid Reignition System, Supply Depot  
  141  8:58  Supply Depot  
  141  8:59  Supply Depot  
  141  9:08  Barracks Reactor, Barracks Tech Lab x2  
  141  9:12  Ghost Academy  
  141  9:17  Marine x2, Terran Ship Weapons Level 1, Medivac x2, Marauder  
  149  9:28  Medivac x2  
  149  9:44  Command Center  
  134  9:49  Marine x3  
  134  9:50  Marine x3, Marauder x2  
  134  9:51  Marauder  
  150  10:02  Orbital Command  
  150  10:17  Terran Infantry Weapons Level 2, Terran Infantry Armor Level 2  
  150  10:18  Unknown  
  150  10:19  Unknown  
  126  10:21  Marine  
  126  10:22  Marine x4, Marauder x2  
  126  10:23  Marine, Marauder x2  
  87  10:44  Orbital Command  
  87  10:47  Marine  
  87  10:48  Marine x5, Marauder x3  
  98  10:50  Unknown, Marine, Liberator x2  
  99  11:05  Marine x2  
  99  11:06  Marine, Barracks  
  99  11:07  Medivac  
  99  11:08  Medivac  
  99  11:09  Barracks x3  
  112  11:16  Unknown  
  112  11:17  Terran Ship Weapons Level 2  
  112  11:19  Marine  
  112  11:20  Marine x7  
  112  11:23  Marine x3  
  123  11:34  Liberator x3  
  123  11:38  Sensor Tower  
  121  11:49  Marine x2  
  121  11:50  Marine x8, Marauder  
  130  12:07  Marine x2  
  130  12:08  Marine x4  
  136  12:13  Marine x7  
  136  12:14  Marine x2  
  105  12:25  Marine x2  
  105  12:26  Marine x4  
  98  12:31  Marine  
  99  12:39  Marine  
  99  12:40  Marine x7  
  99  12:41  Medivac x2  
  99  12:43  Marine  
  108  12:48  Terran Infantry Armor Level 3, Terran Infantry Weapons Level 3  
  86  12:51  Marine  
  86  12:52  Marine x5  
  86  12:57  Marine  
  86  12:58  Marine x2  
  92  13:02  Raven x2  
  92  13:10  SCV x4  
  96  13:22  SCV x3  
  96  13:23  SCV  
  100  13:34  SCV x3, Medivac x2  
  100  13:35  SCV  
  100  13:38  Barracks Tech Lab x2, Barracks Reactor x2  
  108  13:42  Refinery, Marine x5, Marauder  
  108  13:43  Marine, Marauder  
  108  13:44  Refinery  
  108  13:46  SCV x3  
  108  13:47  SCV  
  122  13:58  SCV x2  
  122  13:59  SCV  
  125  14:11  Marine  
  125  14:12  Marine x7, Marauder  
  125  14:13  Marauder x4  
  125  14:15  Medivac x4  
  145  14:35  Marine  
  145  14:36  Marine x9, Command Center  
  135  14:47  Medivac  
  135  14:48  Medivac  
  135  14:50  Marine  
  135  14:51  Marine x4  
  148  15:01  SCV x2  
  148  15:02  SCV x2  
  148  15:06  Corvid Reactor  
  152  15:07  Marine  
  152  15:08  Marine x10  
  152  15:09  Marine  
  164  15:16  Raven x2  
  164  15:29  Marine x4  
  164  15:30  Marine x12  
  164  15:35  Supply Depot  
  180  15:36  Supply Depot  
  180  15:37  Marine  
  181  15:47  Marine x3  
  151  15:59  Marine  
  151  16:00  Marine x13  
  151  16:03  Medivac x2  
  151  16:04  Marine, Raven x2  
  149  16:05  Marine x2  
  137  16:11  Neosteel Armor  
  137  16:17  Marine  
  137  16:18  Marine, Marauder  
  123  16:44  Marine x9  
  123  16:45  Marine  
  123  16:46  Marine x2  
  143  16:47  Unknown  
  143  16:54  Planetary Fortress  
  143  16:55  SCV x2  
  143  16:56  SCV x2  
  147  17:04  Medivac x2  
  147  17:05  Medivac x2  
  147  17:07  SCV  
  147  17:08  SCV  
  155  17:13  Unknown x2  
  155  17:14  Unknown x2  
  155  17:22  Marine  
  155  17:23  Marine x10  
  155  17:24  Marauder  
  155  17:25  Marauder  
  170  17:52  Unknown x3  
  170  17:55  SCV x2  
  170  17:56  SCV x2  
  174  18:03  Medivac x3  
  174  18:04  Marine x2  
  174  18:05  Marine x12  
  194  18:06  Marauder x2  
  194  18:07  Marauder  
  200  18:21  Supply Depot x2  
  200  18:22  Supply Depot  
  173  18:44  Marine  
  173  18:45  Marine x16  
  189  19:02  Marine  
  187  19:03  Marine x2  
  180  19:12  Marine  
  180  19:13  Marine x5  
  180  19:14  Marine x2  
  195  19:41  Hi-Sec Auto Tracking  
  195  19:42  Unknown x5  
  192  20:05  Marine  
  192  20:06  Marine x7  
  200  20:22  Refinery  
  200  20:24  Refinery  
  200  20:25  Command Center  
  200  20:26  Command Center  
  174  21:08  Marine x2  
  174  21:09  Marine x5, Marauder x3  
  174  21:10  Marine  
  155  21:12  Orbital Command  
  155  21:15  Marine x2  
  122  21:26  Marine x3  
  122  21:27  Marine x4  
  122  21:28  Marine  
  128  21:35  Marine x5  
  128  21:37  Unknown x3, Marine x3  
  128  21:38  Unknown  
  135  21:44  Barracks x2  
  135  21:45  Barracks  
  121  21:49  Barracks  
  121  21:50  Barracks  
  113  22:03  Marine x4  
  113  22:04  Marine x11  
  113  22:06  Raven  
  134  22:21  Marine  
  134  22:22  Marauder  
  137  22:24  Medivac x2  
  137  22:25  Raven  
  137  22:28  Refinery  
  143  22:32  Unknown  
  143  22:33  Unknown  
  143  22:42  Orbital Command  
  143  22:54  Supply Depot  
  143  22:55  Barracks Tech Lab x3  
  143  22:56  Barracks Tech Lab  
  143  23:07  Planetary Fortress  
  143  23:09  Supply Depot  
  143  23:10  Supply Depot  
  143  23:17  Supply Depot x2  
  143  23:18  Supply Depot x2  
  143  23:19  Raven x2  
  145  23:20  Medivac x2  
  145  23:26  Supply Depot  
  151  23:27  Supply Depot  
  151  23:28  Supply Depot  
  151  23:30  Engineering Bay  
  151  23:34  Marine x16  
  152  23:35  Marine x6  
  173  23:51  Marine  
  173  23:52  Marine x9  
Tags
 
League
Diamond
Matchup
TvZ
Spawn Locations
Cross Positions
Add a new tag
Caveats
  • Supply blocks, unpowered buildings, or Contaminate may cause inaccurate times.
  • Supply counts are checked every 10 seconds.